General information
- name: BNet
- type: Ladder 1vs1/FFA
- host: Battle.net
- saver: Tranalis
map: TwistedMeadows
- players: 2
- length: 26:23
- speed: Fast
- version: 1.23 W3XP
- replay type: Public
» download(92 KB)
Players
team 1 (loser)
NooBChocolate (
teal | 82 APM | 2155 actions | 26:11)
5 Warden
3 Shadow Strike
2 Blink
» actions
| Assign group hotkey | 10 | |
| Basic commands | 2 | |
| Build / train | 70 | |
| ESC pressed | 1 | |
| Enter build submenu | 16 | |
| Enter hero's abilities submenu | 5 | |
| Give item / drop item | 4 | |
| Right click | 1432 | |
| Select / deselect | 475 | |
| Select group hotkey | 66 | |
| Use ability | 74 | |
2155 total
» units
| Wisp | 12 | |
| Archer | 6 | |
| Dryad | 21 | |
| Ogre Mauler | 2 | |
41 total
» upgrades
| Improved Bows | 1 | |
| Ultravision | 1 | |
| Abolish Magic | 1 | |
| Strength of the Wild | 2 | |
| Druid of the Claw Training | 2 | |
| Well Spring | 1 | |
8 total
» buildings
| Altar of Elders | 1 | |
| Moon Well | 6 | |
| Ancient of War | 1 | |
| Ancient of Wonders | 1 | |
| Tree of Ages | 1 | |
| Hunter's Hall | 1 | |
| Ancient of Lore | 2 | |
| Tree of Eternity | 1 | |
| Tree of Life | 3 | |
17 total
» build order
00:04 Altar of Elders
00:16 Moon Well
00:34 Ancient of War
01:33 Moon Well
02:23 Ancient of Wonders
03:18 Tree of Ages
03:44 Moon Well
04:10 Hunter's Hall
05:44 Ancient of Lore
05:48 Ancient of Lore
08:40 Tree of Eternity
09:51 Moon Well
11:49 Moon Well
18:03 Moon Well
18:58 Tree of Life
19:37 Tree of Life
26:02 Tree of Life
» items
| Lesser Clarity Potion | 3 | |
| Staff of Preservation | 1 | |
| Potion of Healing | 3 | |
| Orb of Venom | 1 | |
| Scroll of Healing | 2 | |
| Scroll of Town Portal | 1 | |
| Anti-magic Potion | 2 | |
13 total
team 2 (winner)
Tranalis (
green | 77 APM | 2042 actions | 26:23)
6 Death Knight
3 Death Coil
2 Unholy Aura
1 Animate Dead
6 Lich
3 Frost Nova
2 Frost Armor
1 Death and Decay
» actions
| Assign group hotkey | 36 | |
| Basic commands | 20 | |
| Build / train | 109 | |
| Enter build submenu | 27 | |
| Enter hero's abilities submenu | 12 | |
| Give item / drop item | 3 | |
| Remove unit from queue | 2 | |
| Right click | 1057 | |
| Select / deselect | 523 | |
| Select group hotkey | 116 | |
| Use ability | 137 | |
2042 total
» units
| Acolyte | 12 | |
| Ghoul | 6 | |
| Crypt Fiend | 14 | |
| Obsidian Statue | 3 | |
| Meatwagon | 5 | |
| Necromancer | 4 | |
44 total
» upgrades
| Creature Attack | 3 | |
| Creature Carapace | 2 | |
| Destroyer Form | 1 | |
| Exhume Corpses | 1 | |
| Burrow | 1 | |
| Web | 1 | |
| Skeletal Mastery | 1 | |
| Skeletal Longevity | 1 | |
| Necromancer Training | 2 | |
| Ghoul Frenzy | 1 | |
| Unholy Strength | 1 | |
| Unholy Armor | 1 | |
16 total
» buildings
| Crypt | 2 | |
| Graveyard | 3 | |
| Ziggurat | 8 | |
| Altar of Darkness | 1 | |
| Tomb of Relics | 1 | |
| Halls of the Dead | 2 | |
| Nerubian Tower | 1 | |
| Black Citadel | 1 | |
| Slaughterhouse | 1 | |
| Necropolis | 2 | |
| Spirit Tower | 7 | |
| Temple of the Damned | 1 | |
| Sacrificial Pit | 1 | |
31 total
» build order
00:07 Crypt
00:09 Graveyard
00:11 Graveyard
00:14 Crypt
00:17 Graveyard
00:40 Ziggurat
00:58 Altar of Darkness
01:47 Ziggurat
02:26 Tomb of Relics
04:33 Halls of the Dead
04:34 Halls of the Dead
04:54 Nerubian Tower
05:42 Ziggurat
08:17 Ziggurat
09:47 Black Citadel
09:51 Slaughterhouse
12:03 Ziggurat
14:33 Ziggurat
14:34 Ziggurat
14:43 Necropolis
15:40 Spirit Tower
15:40 Spirit Tower
15:43 Ziggurat
17:09 Temple of the Damned
17:22 Spirit Tower
17:22 Spirit Tower
18:41 Spirit Tower
18:42 Spirit Tower
21:22 Sacrificial Pit
22:12 Necropolis
» items
| Rod of Necromancy | 2 | |
| Potion of Healing | 4 | |
| Potion of Mana | 1 | |
| Orb of Corruption | 1 | |
| Scroll of Town Portal | 4 | |
12 total
Chat log
(21:13 / All) Tranalis: GG....
(26:07 / All) NooBChocolate: gg